 Dungeon Crawl Stone Soup version 0.18.1-48-g4cf74bf (webtiles) character file.

177 HeyBub the Skirmisher (level 5, -8/47 HPs)
             Began as a Hill Orc Fighter on Aug 27, 2016.
             Was an Initiate of Beogh.
             Mangled by Pikel
             ... wielding a +2 whip of electrocution
              (10 damage)
             ... on level 4 of the Dungeon.
             The game lasted 00:06:26 (2595 turns).

HeyBub the Skirmisher (Hill Orc Fighter)            Turns: 2595, Time: 00:06:29

Health: -8/47      AC:  8    Str: 20    XL:     5   Next: 57%
Magic:  5/5        EV:  8    Int:  8    God:    Beogh [......]
Gold:   93         SH: 10    Dex: 10    Spells: 0 memorised, 4 levels left

rFire  . . .     SeeInvis .     a - +0 war axe
rCold  . . .     Gourm    .     b - +1 scale mail
rNeg   . . .     Faith    .     c - +0 shield
rPois  .         Spirit   .     (no helmet)
rElec  .         Dismiss  .     (no cloak)
rCorr  .         Reflect  .     (no gloves)
SustAt +         Harm     .     (no boots)
MR     .....                    (no amulet)
Stlth  ..........               p - ring of sustain attributes
                                n - ring of wizardry

@: not resistant to hostile enchantments, extremely unstealthy
A: no striking features
a: Renounce Religion


You were on level 4 of the Dungeon.
You worshipped Beogh.
Beogh was noncommittal.
You were very hungry.

You visited 1 branch of the dungeon, and saw 4 of its levels.

You collected 93 gold pieces.

Inventory:

Hand Weapons
 a - a +0 war axe (weapon)
Armour
 b - a +1 scale mail (worn)
 c - a +0 shield (worn)
Jewellery
 n - a ring of wizardry (left hand)
 o - an uncursed ring of wizardry
 p - a ring of sustain attributes (right hand)
Scrolls
 h - 2 scrolls of amnesia
Potions
 d - a potion of might
 e - a potion of curing
 g - a potion of cure mutation {unknown}
 l - a potion of degeneration {unknown}
 m - 2 potions of haste
 q - 2 potions of cancellation
 r - a potion of lignification {unknown}
 v - a potion of brilliance {unknown}
Comestibles
 f - 6 bread rations
 i - 2 royal jellies
 j - 3 beef jerkies
 s - 2 meat rations
 u - a slice of pizza


   Skills:
 + Level 4.6 Fighting
 + Level 3.6 Axes
 + Level 4.3 Armour
 + Level 1.0 Dodging
 + Level 0.3 Stealth
 + Level 4.5 Shields


You had 4 spell levels left.
You didn't know any spells.

Dungeon Overview and Level Annotations

Branches:
Dungeon (4/15)
 Temple: D:4-7

Altars:

Annotations:
D:4 Pikel


Message History

You hit Pikel but do no damage.
Pikel is heavily wounded.
Pikel barely misses you.
You slash Pikel!
Pikel is severely wounded.
You block Pikel's attack.
Pikel hits you with a whip of electrocution.
You are electrocuted!
You slash Pikel!
Pikel is almost dead.
Pikel hits you but does no damage.
You are electrocuted!
* * * LOW HITPOINT WARNING * * *
You closely miss Pikel.
Pikel is almost dead.
Pikel hits you with a whip of electrocution.
* * * LOW HITPOINT WARNING * * *
Pikel hits you with a whip of electrocution.
* * * LOW HITPOINT WARNING * * *
You are electrocuted!
You die...

####
.....####
#...p#####
#ppK@..+
#.p#####
#..# #..#
#.K# p..#
.#.## ...


You could see Pikel and 4 slaves.

Vanquished Creatures
  Natasha (thrice) (D:2)
  A gnoll (D:1)
  4 adders
  An ooze (D:1)
  A worm (D:2)
  2 giant geckos
  3 giant cockroaches
  4 goblins
  3 hobgoblins
  3 jackals (D:2)
  6 kobolds
  A quokka (D:2)
  3 ball pythons
  8 bats
  2 giant newts (D:1)
  8 rats
53 creatures vanquished.

Vanquished Creatures (others)
  An orc priest (D:3)
  An orc (D:3)
  4 toadstools (D:1)
6 creatures vanquished.

Grand Total: 59 creatures vanquished

Notes
Turn   | Place    | Note
--------------------------------------------------------------
     0 | D:1      | HeyBub the Hill Orc Fighter began the quest for the Orb.
     0 | D:1      | Reached XP level 1. HP: 19/19 MP: 1/1
    62 | D:1      | Reached XP level 2. HP: 27/27 MP: 2/2
   859 | D:1      | Reached XP level 3. HP: 26/33 MP: 3/3
  1151 | D:2      | Reached XP level 4. HP: 31/40 MP: 4/4
  1239 | D:2      | Noticed Natasha
  1251 | D:2      | Killed Natasha
  1334 | D:2      | Noticed Natasha
  1346 | D:2      | Killed Natasha
  1346 | D:2      | Reached XP level 5. HP: 18/47 MP: 5/5
  1599 | D:2      | Noticed Natasha
  1609 | D:2      | Killed Natasha
  1744 | D:2      | Reached skill level 1 in Dodging
  1950 | D:3      | Became a worshipper of Beogh the Brigand
  2576 | D:4      | Noticed Pikel
  2576 | D:4      | Noticed a slave
  2576 | D:4      | Noticed a slave
  2576 | D:4      | Noticed a slave
  2577 | D:4      | Noticed a slave
  2595 | D:4      | HP: 2/47 [Pikel/whip of electrocution (1)]
  2595 | D:4      | Mangled by Pikel

Skill      XL: |  1  2  3  4  5 |
---------------+----------------+-----
Axes           | 3 |  3.6
Fighting       | 4 |  4.6
Armour         | 4 |  4.3
Shields        | 4 |  4.5
Dodging        | 1 |  1.0
Stealth        | |  0.3

Action                   |  1- 3 |  4- 6 || total
-------------------------+-------+-------++-------
Melee: War axe           |    59 |   105 ||   164
Invok: Convert to Beogh  |       |     1 ||     1
  Use: Scroll            |     2 |     4 ||     6
  Eat: Fruit             |       |     5 ||     5
Armor: Scale mail        |    30 |    37 ||    67
Dodge: Dodged            |    18 |    39 ||    57
Block: Shield            |    43 |    66 ||   109
